 Dungeon Crawl Stone Soup version 0.31.0-11-ge490571c62 (webtiles) character file.

Game seed: 11577618609676594116

108 qw the Skirmisher (level 4, -8/25 HPs)
             Began as a Deep Elf Hunter on Feb 4, 2024.
             Mangled by a gnoll
             ... wielding a +0 flail
              (10 damage)
             ... on level 3 of the Dungeon.
             The game lasted 00:00:39 (1435 turns).

qw the Skirmisher (Deep Elf Hunter)                 Turns: 1435, Time: 00:00:40

Health: -8/25      AC:  6    Str: 10    XL:     4   Next: 58%
Magic:  6/6        EV: 11    Int: 14    God:
Gold:   154        SH:  0    Dex: 18    Spells: 3/3 levels left

rFire   . . .        a - +0 shortbow
rCold   . . .        (shield currently unavailable)
rNeg    . . .        e - +0 ring mail
rPois   +            (no helmet)
rElec   .            (no cloak)
rCorr   .            (no gloves)
SInv    +            c - +0 pair of boots of Failure {rPois Slay+2 SInv}
Will    .....        (no amulet)
Stlth   +            (no ring)
HPRegen 0.24/turn    (no ring)
MPRegen 0.10/turn

%: no passive effects
@: no status effects
A: no striking features
a: no special abilities


You were on level 3 of the Dungeon.
You visited 1 branch of the dungeon, and saw 3 of its levels.

You collected 154 gold pieces.


   Skills:
 - Level 1.5 Fighting
 + Level 8.0 Ranged Weapons
 - Level 2.4 Dodging
 - Level 1.2 Stealth


You had 3 spell levels left.
You didn't know any spells.
Your spell library was empty.

Inventory:

Hand Weapons
 a - a +0 shortbow (weapon)
Armour
 c - the +0 pair of boots of Failure (worn) {rPois Slay+2 SInv}
   (You found it on level 2 of the Dungeon)

   Slay+2:    It affects your accuracy & damage with ranged weapons and melee
   (+2).
   rPois:     It protects you from poison SInv: It lets you see invisible.
 d - a +0 helmet
 e - a +0 ring mail (worn)
Wands
 f - a wand of flame (17)
Potions
 b - a potion of haste {unknown}
 g - a potion of enlightenment
 h - a potion of ambrosia {unknown}

Dungeon Overview and Level Annotations

Branches:
Dungeon (3/15)

Altars:


Message History

You shoot an arrow. The arrow barely misses the gnoll.
An endoplasm comes into view.
You shoot an arrow. The arrow closely misses the gnoll.
The endoplasm quivers.
You shoot an arrow. The arrow hits the adder!
The adder is severely wounded.
You shoot an arrow. The arrow closely misses the adder.
The adder closely misses you. The adder bites you but does no damage.
You shoot an arrow. The arrow hits the adder.
The adder is severely wounded.
The adder misses you. The gnoll barely misses you.
The adder bites you but does no damage. The gnoll hits you with a +0 whip.
You shoot an arrow. The arrow hits the adder.
You kill the adder!
The quokka bites you but does no damage.
The gnoll hits you with a +0 whip.
Your Ranged Weapons skill increases to level 8!
You shoot an arrow. The arrow hits the gnoll.
The gnoll is moderately wounded.
The quokka bites you but does no damage.
You shoot an arrow. The arrow barely misses the gnoll.
The quokka closely misses you. The gnoll hits you but does no damage.
The gnoll hits you with a +0 flail.
You shoot an arrow. The arrow closely misses the gnoll.
The quokka bites you but does no damage.
The gnoll barely misses you. The gnoll hits you but does no damage.
The quokka barely misses you.
You shoot an arrow.
The arrow hits the gnoll but does no damage.
The gnoll is moderately wounded.
The gnoll barely misses you. The gnoll hits you with a +0 flail.
The quokka bites you.
You shoot an arrow. The arrow hits the gnoll.
The gnoll is heavily wounded.
The quokka barely misses you. The gnoll hits you but does no damage.
The gnoll closely misses you. The quokka barely misses you.
You shoot an arrow. The arrow hits the gnoll!
You kill the gnoll!
The gnoll hits you with a +0 flail!
You die...

.......#
#.##...###.##.##.....#
#.....##
#^###..###.#...#..#....
##...##
#..........#...#..#.### ##.##
########..#####...#..#.# .....
...........#...........
.##.#########.#.#..........>##
#.# #.#...#.........# ..#
#.#..#####...#### ### #.#r@#
#...# ..)..Jg)...##.[...
.###.##..#.######## ... #..# #
.... #..# (... #..# ... ...#
##.#


You could see a gnoll, an endoplasm and a quokka.

Vanquished Creatures
  Robin (D:3)
  2 gnolls (D:3)
  2 adders
  3 dart slugs
  2 ribbon worms
  3 orcs (D:3)
  4 endoplasms
  2 giant cockroaches (D:1)
  10 goblins
  6 hobgoblins
  A quokka (D:1)
  4 ball pythons (D:1)
  3 bats
  A frilled lizard (D:2)
  6 kobolds
  6 rats
56 creatures vanquished.

Notes
Turn   | Place    | Note
-------+----------+-------------------------------------------
     0 | D:1      | qw the Deep Elf Hunter began the quest for the Orb.
     0 | D:1      | Reached XP level 1. HP: 12/12 MP: 3/3
     0 | D:1      | 0 ||| qw: Version: 0.3-a-160-g5e54788
     0 | D:1      | 0 ||| qw: Game counter: 4299
     0 | D:1      | 0 ||| qw: Melee chars always use a shield: true
     0 | D:1      | 0 ||| qw: God list: Okawaru
     0 | D:1      | 0 ||| qw: Allow faded altars: false
     0 | D:1      | 0 ||| qw: Do Orc after clearing Dungeon:15 true
     0 | D:1      | 0 ||| qw: Do second Lair branch before Depths: true
     0 | D:1      | 0 ||| qw: Lair rune preference: random
     0 | D:1      | 0 ||| qw: Goals: Normal
     0 | D:1      | 0 ||| PLANNING D:1-11
   168 | D:1      | Found a faded altar of an unknown god.
   366 | D:1      | Reached skill level 6 in Ranged Weapons
   366 | D:1      | Reached XP level 2. HP: 16/16 MP: 4/4
   540 | D:1      | 540 ||| UPGRADING to +0 ring mail.
   550 | D:1      | 550 ||| DROPPING +0 leather armour.
   551 | D:1      | 551 ||| DROPPING +6 ring of intelligence.
   552 | D:1      | 552 ||| READING 2 scrolls labelled HOZXAKH FEJE.
   552 | D:1      | 552 ||| IDENTIFYING cyan potion
   553 | D:1      | 553 ||| READING scroll of identify.
   553 | D:1      | 553 ||| IDENTIFYING sedimented green potion
   554 | D:1      | 554 ||| DROPPING scroll of butterflies.
   555 | D:1      | 555 ||| DROPPING potion of magic.
   580 | D:2      | 580 ||| STAIRDANCE
   586 | D:1      | HP: 1/16 [ribbon worm (7)]
   793 | D:2      | Reached XP level 3. HP: 20/20 MP: 5/5
   923 | D:2      | Identified the +0 pair of boots of Failure {rPois Slay+2
                  | SInv}
  1032 | D:2      | Reached skill level 7 in Ranged Weapons
  1094 | D:2      | 1094 ||| UPGRADING to +0 pair of boots of Failure {rPois
                  | Slay+2 SInv}.
  1099 | D:2      | 1099 ||| DRINKING 2 ruby potions.
  1100 | D:2      | 1100 ||| FLEEEEING.
  1101 | D:2      | 1101 ||| FLEEEEING.
  1102 | D:2      | 1102 ||| FLEEEEING.
  1103 | D:2      | 1103 ||| FLEEEEING.
  1104 | D:2      | 1104 ||| FLEEEEING.
  1105 | D:2      | 1105 ||| FLEEEEING.
  1106 | D:2      | 1106 ||| FLEEEEING.
  1107 | D:2      | 1107 ||| FLEEEEING.
  1108 | D:2      | 1108 ||| FLEEEEING.
  1109 | D:2      | 1109 ||| FLEEEEING.
  1110 | D:2      | 1110 ||| FLEEEEING.
  1111 | D:2      | 1111 ||| STAIRDANCE
  1213 | D:1      | 1213 ||| DROPPING potion of berserk rage.
  1266 | D:3      | Noticed Robin
  1274 | D:3      | Reached XP level 4. HP: 24/25 MP: 6/6
  1279 | D:3      | Killed Robin
  1430 | D:3      | Reached skill level 8 in Ranged Weapons
  1433 | D:3      | HP: 6/25 [gnoll/+0 flail (5)]
  1433 | D:3      | HP: 2/25 [quokka (4)]
  1435 | D:3      | Mangled by a gnoll

Levels and vault maps discovered:
D:1:      amcnicky_arrival_choice, layout_loops_cross,
          hellmonk_ecumenical_altar_zigzags
D:2:      layout_rooms
D:3:      layout_loops_ring, bh_walls_and_bars, uniq_robin

Skill      XL: |  1  2  3  4 |
---------------+-------------+-----
Ranged Weapons | 6 7 8 |  8.0
Fighting       | |  1.5
Dodging        | |  2.4
Stealth        | |  1.2

Action                     |  1- 3 |  4- 6 || total
---------------------------+-------+-------++-------
   Fire: Shortbow          |   122 |    38 ||   160
    Use: Scroll            |     2 |       ||     2
         Potion            |     1 |       ||     1
 Armour: Leather armour    |     4 |       ||     4
         Ring mail         |    22 |    26 ||    48
  Dodge: Dodged            |    16 |    19 ||    35

Table legend:
 A = Non-vault XP
 B = Vault XP
 C = Vault XP percentage of total XP
 D = Non-vault monster count
 E = Vault monster count
 F = Vault count percentage of total count
                 A         B        C        D         E       F
            +---------+---------+-------+---------+---------+-------
      Total |     133 |      36 |  21.3 |      44 |      12 |  21.4
            +---------+---------+-------+---------+---------+-------
        D:1 |      23 |       0 |   0.0 |      13 |       0 |   0.0
        D:2 |      48 |       0 |   0.0 |      19 |       0 |   0.0
        D:3 |      62 |      36 |  36.7 |      12 |      12 |  50.0
            +---------+---------+-------+---------+---------+-------
